 Dungeon Crawl Stone Soup version 0.19-a0-1260-gc94d3f7 (webtiles) character file.

103 junb69 the Skirmisher (level 4, -5/50 HPs)
             Began as an Ogre Gladiator on Aug 28, 2016.
             Was an Initiate of Ashenzari.
             Slain by an ogre
             ... wielding a +0 giant spiked club
              (10 damage)
             ... on level 3 of the Dungeon.
             The game lasted 00:05:05 (3719 turns).

junb69 the Skirmisher (Ogre Gladiator)              Turns: 3719, Time: 00:05:06

Health: -5/50      AC:  3    Str: 20    XL:     4   Next: 79%
Magic:  4/4        EV: 15    Int:  7    God:    Ashenzari [......]
Gold:   146        SH:  0    Dex: 16    Spells: 0 memorised, 3 levels left

rFire  . . .     SeeInvis .     a - +0 flail
rCold  . . .     Gourm    .     b - +0 robe
rNeg   . . .     Faith    .     (no shield)
rPois  .         Spirit   .     c - +0 hat
rElec  .         Dismiss  .     (no cloak)
rCorr  .         Reflect  .     (gloves unavailable)
MR     .....     Harm     .     (boots unavailable)
Stlth  ++........               (no amulet)
                                (no ring)
                                (no ring)

@: agile, heavily drained
A: unfitting armour, tough skin 1
a: Curse Item, Renounce Religion


You were on level 3 of the Dungeon.
You worshipped Ashenzari.
Ashenzari was noncommittal.
You were not hungry.

You visited 1 branch of the dungeon, and saw 3 of its levels.

You collected 146 gold pieces.

Inventory:

Hand Weapons
 a - a +0 flail (weapon)
Armour
 b - a +0 robe (worn)
 c - a +0 hat (worn)
Scrolls
 e - 2 scrolls of immolation {unknown}
 g - 3 scrolls of fear {unknown}
 h - a scroll of random uselessness {unknown}
 l - a scroll of enchant armour {unknown}
 o - 2 scrolls of identify {unknown}
 r - a scroll of teleportation {unknown}
Potions
 i - 2 potions of cancellation {unknown}
 j - a potion of might {unknown}
 k - a potion of heal wounds {unknown}
 m - a potion of flight {unknown}
Comestibles
 f - 2 bread rations
 p - 5 chunks of flesh
 q - a beef jerky


   Skills:
 * Level 5.4(4.1) Fighting
 * Level 5.2(3.8) Maces & Flails
 - Level 2.0(0.8) Throwing
 - Level 2.6(1.4) Dodging


You had 3 spell levels left.
You didn't know any spells.

Dungeon Overview and Level Annotations

Branches:
Dungeon (3/15)

Altars:
Ashenzari
Fedhas
Hepliaklqana
Makhleb
Nemelex Xobeh
Uskayaw
Xom


Innate Abilities, Weirdness & Mutations

You are too large for most types of armour.
You have tough skin. (AC +1)


Message History

You catch the helpless ogre completely off-guard!
You hit the ogre.
The ogre is heavily wounded.
The ogre struggles against the net.
You hit the ogre.
The ogre is severely wounded.
The ogre struggles against the net.
You hit the ogre.
The ogre is almost dead.
The ogre struggles against the net.
The net rips apart, and the ogre comes free!
You barely miss the ogre.
The ogre is almost dead.
The ogre barely misses you.
You feel agile all of a sudden. The ogre completely misses you.
You barely miss the ogre.
The ogre is almost dead.
The ogre hits you with a giant spiked club!
You die...

### ..# #.# #.# . ###.####
### ##.#####...... #..
...........# #.# #.# #..@#
##.###.# ###O#
##.<.##.########.######
...#............<.....#
##....#...##.###.####.#
..........##.###.# #.# #.#
..............##.####.# #.#
###.###.#.##..##(.....###.#
.........##..#######..##.#


You could see an ogre.

Vanquished Creatures
  4 adders (D:2)
  An ooze (D:1)
  2 worms (D:2)
  2 giant geckos
  4 bats
  2 giant cockroaches (D:2)
  3 goblins
  12 hobgoblins
  4 jackals
  A quokka (D:3)
  A ball python (D:3)
  A giant newt (D:1)
  7 kobolds
  9 rats
53 creatures vanquished.

Notes
Turn   | Place    | Note
-------+----------+-------------------------------------------
     0 | D:1      | junb69 the Ogre Gladiator began the quest for the Orb.
     0 | D:1      | Reached XP level 1. HP: 22/22 MP: 1/1
   440 | D:1      | Reached XP level 2. HP: 21/31 MP: 2/2
  1101 | D:1      | Reached XP level 3. HP: 39/39 MP: 3/3
  2192 | D:2      | Reached XP level 4. HP: 30/49 MP: 4/4
  2426 | D:2      | Found a hazy altar of Hepliaklqana.
  2427 | D:2      | Found a shimmering altar of Xom.
  2428 | D:2      | Noticed a spectral ugly thing
  2522 | D:2      | Reached skill level 5 in Fighting
  2522 | D:2      | Reached skill level 5 in Maces & Flails
  2963 | D:2      | Found a sparkling altar of Nemelex Xobeh.
  2965 | D:2      | Found a burning altar of Makhleb.
  2965 | D:2      | Found a blossoming altar of Fedhas.
  2965 | D:2      | Found a shattered altar of Ashenzari.
  2965 | D:2      | Found a hide-covered altar of Uskayaw.
  3012 | D:2      | Became a worshipper of Ashenzari the Shackled
  3706 | D:3      | Noticed an ogre
  3719 | D:3      | Slain by an ogre

Vault maps used:
D:1:      eino_arrival_druids_welcome
D:2:      regret_index_temple_of_mockery, grunt_temple_overflow_open,
          minmay_misc_feat_nine_boxes
D:3:      grunt_decor_mini_mirrors

Skill      XL: |  1  2  3  4 |
---------------+-------------+-----
Fighting       | 3 4 5 |  5.4
Maces & Flails | 5 |  5.2
Throwing       | |  2.0
Dodging        | |  2.6

Action                   |  1- 3 |  4- 6 || total
-------------------------+-------+-------++-------
Melee: Flail             |   122 |    98 ||   220
Throw: Throwing net      |     3 |     4 ||     7
  Use: Potion            |     1 |     2 ||     3
 Stab: Sleeping          |     1 |     1 ||     2
       Held in net/web   |       |     1 ||     1
  Eat: Chunk             |     4 |     5 ||     9
Armor: Robe              |    37 |    23 ||    60
Dodge: Dodged            |    95 |    69 ||   164
